 Dungeon Crawl Stone Soup version 0.32-a0-705-g60f233581c (webtiles) character file.

Game seed: 1966782177012006926

646 inmateoo the Chopper (level 7, -3/54 HPs)
             Began as a Coglin Gladiator on Mar 14, 2024.
             Slain by Duvessa
             ... wielding a +0 rapier
              (12 damage)
             ... on level 4 of the Dungeon.
             The game lasted 00:03:06 (3675 turns).

inmateoo the Chopper (Coglin Gladiator)             Turns: 3675, Time: 00:03:06

Health: -3/54      AC:  5    Str: 17    XL:     7   Next: 52%
Magic:  7/7        EV: 12    Int:  7    God:
Gold:   164        SH:  0    Dex: 15    Spells: 6/6 levels left

rFire   . . .        a - +0 war axe {Aiguo}
rCold   . . .        j - +2 short sword (venom) {Namzu}
rNeg    . . .        b - +0 leather armour
rPois   .            c - +0 helmet
rElec   .            m - +0 cloak
rCorr   .            (no gloves)
SInv    .            (no boots)
Will    .....        (amulet unavailable)
Stlth   +            (ring unavailable)
HPRegen 0.29/turn    (ring unavailable)
MPRegen 0.10/turn    (no gizmo)

%: no passive effects
@: lit by a corona, glowing, revved
A: off-hand wielding, slow wielding, warmup strikes, no jewellery
a: Invent Gizmo


You were on level 4 of the Dungeon.
You visited 1 branch of the dungeon, and saw 4 of its levels.
You also visited: Sewer.

You collected 164 gold pieces.

Inventory:

Hand Weapons
 a - a +0 war axe (weapon) {Aiguo}
 j - a +2 short sword of venom (offhand) {Namzu}
Missiles
 d - 3 throwing nets (quivered)
 e - a javelin
Armour
 b - a +0 leather armour (worn)
 c - a +0 helmet (worn)
 m - a +0 cloak (worn)
Scrolls
 h - a scroll of fog
 i - a scroll of noise
 k - a scroll of teleportation
 l - a scroll of vulnerability
 s - a scroll of enchant weapon
Potions
 g - 2 potions of enlightenment
 p - 4 potions of curing {unknown}
 t - a potion of haste {unknown}
 w - a potion of invisibility {unknown}


   Skills:
 + Level 4.0 Fighting
 * Level 5.8 Axes
 - Level 1.7 Throwing
 + Level 2.9 Armour
 + Level 4.2 Dodging


You had 6 spell levels left.
You didn't know any spells.
Your spell library was empty.

Dungeon Overview and Level Annotations

Branches:
Dungeon (4/15)              Sewer (visited)
 Temple: D:4-7

Altars:
Cheibriados
Gozag
Sif Muna
Trog
Xom
Yredelemnul

Annotations:
D:4 Dowan, Duvessa


Innate Abilities, Weirdness & Mutations

You can wield a second weapon in your off-hand.
It takes a long time for you to wield or remove held weapons.
Your first few attacks do less damage.
You cannot equip rings or amulets.


Message History

You are too injured to fight recklessly!
You barely miss Duvessa with your +2 short sword of venom.
You barely miss Duvessa with your +0 war axe.
You closely miss Dowan with your +0 war axe.
Duvessa barely misses you. Dowan gestures at you while chanting.
You are outlined in light.
You hit Duvessa but do no damage.
Duvessa is poisoned.
You slash Duvessa with your +0 war axe! You hit Dowan with your +0 war axe.
Duvessa hits you with a +0 rapier!
* * * LOW HITPOINT WARNING * * *
Dowan mumbles some strange words.
Dowan blinks!
Duvessa closely misses you.
You hit Duvessa with your +0 war axe.
Duvessa is moderately wounded.
You hit Duvessa with your +2 short sword of venom.
Duvessa looks even sicker.
Duvessa hits you with a +0 rapier.
* * * LOW HITPOINT WARNING * * *
Duvessa hits you with a +0 rapier.
* * * LOW HITPOINT WARNING * * *
You feel much better.
Dowan says, "Stay away from my face!"
Dowan gestures at you while chanting. The puff of frost hits you.
Duvessa hits you with a +0 rapier!
You hit Duvessa but do no damage.
Duvessa looks as sick as possible!
Duvessa is heavily wounded.
You hit Duvessa but do no damage. Duvessa hits you but does no damage.
Duvessa misses you.
You closely miss Duvessa with your +2 short sword of venom.
Duvessa is heavily wounded.
You hit Duvessa but do no damage. Duvessa hits you with a +0 rapier.
* * * LOW HITPOINT WARNING * * *
You barely miss Duvessa with your +2 short sword of venom.
Duvessa is heavily wounded.
You closely miss Duvessa with your +0 war axe.
You barely miss Dowan with your +0 war axe.
Duvessa hits you with a +0 rapier.
* * * LOW HITPOINT WARNING * * *
Dowan closely misses you. Duvessa hits you with a +0 rapier!
You die...

. .....#
###.#.....♣♣..♣
#...
#.....†....♣♣♣#
#... #............#
#...##............#
#.................#
.................#
#....#.##....####
#....#.##....#
#...@e.......#
.#...e.......##
...$...........#
.........#######
..........
...........
#.#........
..#.........
#.........


You could see Duvessa (fast, extremely poisoned) and Dowan.

Vanquished Creatures
  Pargi (Sewer)
  Blork the orc (D:4)
  A brain worm (Sewer)
  2 bombardier beetles
  2 jellies
  A hound (D:4)
  Natasha (thrice) (D:2)
  2 adders (D:2)
  8 gnolls
  A ribbon worm (D:2)
  12 endoplasms
  4 giant cockroaches (D:3)
  6 goblins
  6 hobgoblins
  A jackal (D:1)
  7 quokkas
  12 ball pythons
  5 bats
  9 frilled lizards
  8 kobolds
  5 rats
97 creatures vanquished.

Notes
Turn   | Place    | Note
-------+----------+-------------------------------------------
     0 | D:1      | inmateoo the Coglin Gladiator began the quest for the Orb.
     0 | D:1      | Reached XP level 1. HP: 16/16 MP: 1/1
    38 | D:1      | Reached XP level 2. HP: 17/22 MP: 2/2
   398 | D:1      | Reached XP level 3. HP: 27/27 MP: 3/3
   870 | D:2      | Reached skill level 1 in Armour
   892 | D:1      | Reached XP level 4. HP: 7/34 MP: 4/4
  1136 | D:2      | Reached skill level 4 in Axes
  1277 | D:2      | Noticed Natasha
  1283 | D:2      | Killed Natasha
  1387 | D:2      | Reached XP level 5. HP: 38/40 MP: 5/5
  1506 | D:2      | Noticed Natasha
  1516 | D:2      | Killed Natasha
  1591 | D:2      | Noticed Natasha
  1596 | D:2      | Killed Natasha
  1706 | D:3      | Reached XP level 6. HP: 41/47 MP: 6/6
  1885 | D:3      | Found a snail-covered altar of Cheibriados.
  2095 | D:3      | Found a shimmering blue altar of Sif Muna.
  2097 | D:3      | Found a basalt altar of Yredelemnul.
  2103 | D:3      | Found a shimmering altar of Xom.
  2106 | D:3      | Found a bloodstained altar of Trog.
  2108 | D:3      | Found an opulent altar of Gozag.
  2270 | D:3      | Found a glowing drain.
  2281 | Sewer    | Entered a sewer
  2313 | Sewer    | Reached skill level 5 in Axes
  2327 | Sewer    | Noticed Pargi
  2336 | Sewer    | Killed Pargi
  2337 | Sewer    | Reached XP level 7. HP: 32/52 MP: 7/7
  2930 | D:4      | Noticed Blork the orc
  2938 | D:4      | HP: 1/52 [Blork the orc/puff of frost (7)]
  3131 | D:4      | Killed Blork the orc
  3657 | D:4      | Noticed Dowan
  3659 | D:4      | Noticed Duvessa
  3675 | D:4      | Slain by Duvessa

Illustrated notes

Levels and vault maps discovered:
D:1:      mrwooster_arrival_statue, layout_loops_ring, minmay_surrounded
D:2:      layout_loops_cross, uniq_natasha
D:3:      minmay_skewed_foursquare, layout_loops_corners,
          nicolae_overflow_hallway_of_the_gods, gup_sewer_entry_pipe,
          dreamdust_mushroom_princess, st_stairs_9, minivault_27,
          grunt_ministairs_10
D:4:      layout_basic, temple_fountains, serial_forest,
          infiniplex_forest_straight_5, infiniplex_forest_lined_room_2,
          infiniplex_forest_end_1, infiniplex_forest_lined_3_way,
          infiniplex_forest_straight_2, infiniplex_forest_lined_corner,
          infiniplex_forest_end_2, uniq_duvessa, uniq_blork_the_orc

Skill      XL: |  1  2  3  4  5  6  7 |
---------------+----------------------+-----
Dodging        | 3 4 |  4.2
Armour         | 1 2 |  2.9
Axes           | 4 5 |  5.8
Fighting       | 3 4 |  4.0
Throwing       | |  1.7

Action                     |  1- 3 |  4- 6 |  7- 9 || total
---------------------------+-------+-------+-------++-------
  Melee: War axe           |    52 |    92 |    45 ||   189
         Dagger            |    26 |       |       ||    26
         Short sword       |    21 |    86 |    44 ||   151
  Throw: Throwing net      |     2 |       |       ||     2
    Use: Scroll            |       |       |    12 ||    12
         Potion            |       |       |     2 ||     2
   Stab: Sleeping          |     3 |       |       ||     3
         Distracted        |       |     1 |       ||     1
 Armour: Leather armour    |    42 |    62 |    56 ||   160
  Dodge: Dodged            |    46 |    57 |    40 ||   143

Table legend: (Time is in decaauts)
 A = Elapsed time spent in this place.
 B = Non-inter-level travel time spent in this place.
 C = Inter-level travel time spent in this place.
 D = Time resting spent in this place.
 E = Time spent auto-exploring this place.
 F = Levels seen in this place.
 G = Mean time per level.
                   A        B        C        D        E       F      G
               +--------+--------+--------+--------+--------+-----+--------+
         Total |   3755 |   3723 |     32 |   1085 |   1931 |   5 |  751.0 |
       Dungeon |   3472 |   3440 |     32 |   1014 |   1816 |   4 |  868.0 |
         Sewer |    283 |    283 |      0 |     71 |    115 |   1 |  283.0 |
               +--------+--------+--------+--------+--------+-----+--------+

Top non-repeatable levels by time:
     D:3: 1341 daAuts
     D:1: 852 daAuts
     D:2: 812 daAuts
     D:4: 466 daAuts
   Sewer: 283 daAuts
